 Dungeon Crawl Stone Soup version 0.24-a0-789-g35933f4585 (webtiles) character file.

Game seed: 17179563503006677850, levelgen mode: deterministic

2650 Kohma the Cleaver (level 9, -5/68 HPs)
             Began as a Formicid Fighter on Oct 10, 2019.
             Was a Priest of Makhleb.
             Slain by a rust devil (7 damage)
             ... on level 7 of the Dungeon.
             The game lasted 00:18:19 (7261 turns).

Kohma the Cleaver (Formicid Fighter)                Turns: 7261, Time: 00:18:19

Health: -5/68      AC: -19   Str: 29    XL:     9   Next: 93%
Magic:  12/12      EV:  7    Int:  8    God:    Makhleb [***...]
Gold:   300        SH: 13    Dex: 10    Spells: 8/8 levels left

rFire    . . .     SeeInvis +   a - +1 war axe
rCold    . . .     Gourm    .   c - +1 shield
rNeg     . . .     Faith    .   d - +0 plate armour
rPois    +         Spirit   .   (helmet unavailable)
rElec    .         Reflect  .   (no cloak)
rCorr    .         Harm     .   (no gloves)
MR       .....                  (no boots)
Stlth    ..........             q - amulet of the acrobat
HPRegen  0.21/turn              l - ring of poison resistance
MPRegen  0.13/turn              C - +1 ring of protection

@: mighty, corroded
A: permanent stasis, dig shafts and tunnels, four strong arms, antennae 3
a: Dig, Shaft Self, Minor Destruction, Lesser Servant of Makhleb, Renounce
Religion


You were on level 7 of the Dungeon.
You worshipped Makhleb.
Makhleb was most pleased with you.
You were hungry.

You visited 2 branches of the dungeon, and saw 8 of its levels.

You collected 300 gold pieces.

Inventory:

Hand Weapons
 a - a +1 war axe (weapon)
 b - a +0 arbalest
Missiles
 e - 5 atropa-tipped darts (quivered)
 v - 34 bolts
Armour
 c - a +1 shield (worn)
 d - a +0 plate armour (worn)
Jewellery
 i - an uncursed ring of resist corrosion
 l - a ring of poison resistance (left hand)
 q - an amulet of the acrobat (around neck)
 u - a +3 ring of intelligence
 x - an uncursed ring of fire
 C - a +1 ring of protection (right hand)
Wands
 w - a wand of random effects (17)
Scrolls
 k - 5 scrolls of magic mapping
 n - 2 scrolls of enchant weapon
 o - 3 scrolls of fog
 r - a scroll of remove curse
 z - a scroll of enchant armour
 B - a scroll of fear {unknown}
Potions
 h - a potion of agility
 m - a potion of brilliance
 p - a potion of flight {unknown}
 s - a potion of lignification {unknown}
 t - 2 potions of mutation
 A - a potion of curing
 D - a potion of berserk rage {unknown}
 E - a potion of resistance {unknown}
Comestibles
 f - 15 rations


   Skills:
 - Level 5.5 Fighting
 * Level 9.5 Axes
 - Level 3.2 Armour
 - Level 9.0 Shields
 + Level 4.3 Invocations


You had 8 spell levels left.
You didn't know any spells.
Your spell library was empty.

Dungeon Overview and Level Annotations

Branches:
Dungeon (7/15)             Temple (1/1) D:6

Altars:
Ashenzari
Cheibriados
Dithmenos
Elyvilon
Fedhas
Gozag
Hepliaklqana
Kikubaaqudgha
Makhleb
Nemelex Xobeh
Okawaru
Qazlal
Ru
Sif Muna
Trog
Uskayaw
Vehumet
Wu Jian
Xom
Yredelemnul
Zin
The Shining One

Shops:
D:7 %


Innate Abilities, Weirdness & Mutations

You cannot be hasted, slowed, berserked, paralysed or teleported.
You can dig through walls and to a lower floor.
Your four strong arms can wield two-handed weapons with a shield.
You have a pair of large antennae on your head. (SInv)


Message History

* * * LOW HITPOINT WARNING * * *
The rust devil corrodes you!
You hit the rust devil but do no damage.
The rust devil is heavily wounded.
You barely miss the rust devil. The orc warrior barely misses you.
The rust devil hits you.
* * * LOW HITPOINT WARNING * * *
The rust devil corrodes you! The rust devil hits you.
* * * LOW HITPOINT WARNING * * *
The rust devil corrodes you!
You closely miss the rust devil.
The rust devil is almost dead.
You hit the rust devil but do no damage.
You block the rust devil's attack. You block the orc warrior's attack.
The rust devil closely misses you.
You closely miss the rust devil.
The rust devil is almost dead.
You hit the rust devil but do no damage.
The rust devil hits you!
You die...

#.####......#..#
#......
#.##...###...#.#
#......
#.#..###∩###...#
#......
#.#.##♣...♣##..#
#......
#...#).....)#..#
#......
#..###.....###.#
#...... #..# +..8o.+
#.# #......
#..###....4###.#
#......
######...#)....4@#..#
#......
.......#.##♣...♣##.##
##.####
######.#..###>###..#
#.# # #.##...###...##
#.# # #.####.....###
#.#### #### #.#
##.#### #.....
..[###.####..#
############
##.....)....##
#...........
..........###
#.#########.


You could see 2 rust devils and an orc warrior.

Vanquished Creatures
  Pikel (D:6)
  Sigmund (D:2)
  Menkaure (D:6)
  A water moccasin (D:7)
  An orc warrior (D:7)
  An ice beast (D:7)
  4 ogres
  A centaur (D:5)
  A bullfrog (D:6)
  A water moccasin zombie (D:7)
  2 scorpions (D:7)
  4 wights (D:6)
  A howler monkey (D:7)
  2 bullfrog zombies
  A crimson imp (D:2)
  A centaur zombie (D:6)
  A bullfrog skeleton (D:6)
  A hound (D:7)
  A centaur skeleton (D:6)
  3 jellies
  3 orc wizards
  Natasha (thrice) (D:3)
  Terence (D:3)
  2 iguanas
  2 worker ants
  2 hound zombies (D:6)
  2 hound skeletons
  3 gnolls (D:4)
  8 adders
  A shadow imp (D:5)
  An ooze (D:5)
  3 adder zombies
  4 adder skeletons
  3 worms
  2 dart slugs
  5 leopard geckos
  18 orcs
  6 giant cockroaches
  3 goblins
  5 hobgoblins
  9 jackals
  3 quokkas
  4 ball pythons
  10 bats
  4 frilled lizards
  A giant cockroach zombie (D:6)
  A jackal skeleton (D:4)
  10 kobolds
  A quokka zombie (D:6)
  8 rats
  2 withered plants (D:6)
160 creatures vanquished.

Notes
Turn   | Place    | Note
-------+----------+-------------------------------------------
     0 | D:1      | Kohma the Formicid Fighter began the quest for the Orb.
     0 | D:1      | Reached XP level 1. HP: 18/18 MP: 1/1
   258 | D:1      | Reached XP level 2. HP: 24/24 MP: 2/2
   628 | D:2      | Reached XP level 3. HP: 22/29 MP: 3/3
   815 | D:2      | Found a shadowy altar of Dithmenos.
   989 | D:2      | Found a burning altar of Makhleb.
  1076 | D:2      | Reached XP level 4. HP: 37/37 MP: 4/4
  1081 | D:2      | Became a worshipper of Makhleb the Destroyer
  1278 | D:2      | Noticed Natasha
  1279 | D:2      | Noticed Terence
  1280 | D:2      | Noticed Sigmund
  1293 | D:3      | Killed Natasha
  1303 | D:3      | Reached XP level 5. HP: 15/42 MP: 5/5
  1553 | D:3      | Found a glowing golden altar of the Shining One.
  1646 | D:3      | Reached skill level 5 in Shields
  1687 | D:3      | Noticed Natasha
  1711 | D:3      | Killed Natasha
  1723 | D:3      | Noticed Natasha
  1737 | D:3      | Killed Natasha
  2077 | D:3      | Reached * piety under Makhleb
  2152 | D:2      | Found a sparkling altar of Nemelex Xobeh.
  2225 | D:3      | Killed Terence
  2225 | D:3      | Reached XP level 6. HP: 24/48 MP: 6/6
  2410 | D:2      | Killed Sigmund
  2410 | D:2      | Reached XP level 7. HP: 21/55 MP: 7/7
  2702 | D:2      | Found a blossoming altar of Fedhas.
  2760 | D:2      | Found a sparkling altar of Nemelex Xobeh.
  2760 | D:2      | Found a basalt altar of Yredelemnul.
  2970 | D:4      | Found an ornate altar of the Wu Jian Council.
  3005 | D:4      | Reached skill level 5 in Axes
  3067 | D:4      | Found a white marble altar of Elyvilon.
  3146 | D:4      | Reached skill level 5 in Fighting
  3920 | D:5      | Entered Level 5 of the Dungeon
  4050 | D:5      | Reached XP level 8. HP: 57/62 MP: 8/8
  4309 | D:5      | Reached ** piety under Makhleb
  4720 | D:5      | Found an ornate altar of the Wu Jian Council.
  5175 | D:6      | Found a shattered altar of Ashenzari.
  5457 | D:6      | Found a staircase to the Ecumenical Temple.
  5462 | Temple   | Entered the Ecumenical Temple
  5554 | D:6      | Noticed Menkaure
  5560 | D:6      | Killed Menkaure
  5579 | D:6      | Found an ancient bone altar of Kikubaaqudgha.
  5611 | D:6      | Reached XP level 9. HP: 68/68 MP: 9/9
  5834 | D:6      | Found a snail-covered altar of Cheibriados.
  6057 | D:6      | Noticed Pikel
  6068 | D:6      | Reached skill level 1 in Invocations
  6077 | D:6      | Killed Pikel
  6102 | D:6      | Found a bloodstained altar of Trog.
  6674 | D:7      | Reached *** piety under Makhleb
  6697 | D:7      | Found Jannuf's Food Shoppe.
  7243 | D:7      | Noticed a rust devil
  7243 | D:7      | Noticed a rust devil
  7259 | D:7      | HP: 3/68 [rust devil (5)]
  7261 | D:7      | Slain by a rust devil

Levels and vault maps discovered:
D:1:      moated_graveyard_arrival, layout_basic, corner_web_ring,
          chequers_avenue, hex_large
D:2:      lemuel_upstairs_altar, layout_rooms, marbit_many_paths,
          makhleb_grotto_becter, nicolae_overflow_crystal_walls,
          gammafunk_temple_overflow_statue, serial_rivers,
          chequers_serial_rivers_large_a, chequers_serial_rivers_micro_a,
          chequers_serial_rivers_small_b, chequers_serial_rivers_small_b,
          chequers_serial_rivers_micro_b, chequers_serial_rivers_room_a,
          first_ration, minmay_misc_feat_encased, uniq_terence, uniq_natasha,
          uniq_sigmund
D:3:      layout_basic, nicolae_tso_swordbearing_angel
D:4:      layout_cave_pools, lemuel_doored_altar, elyvilon_altar_3, st_stairs_8,
          minmay_misc_feat_four_crosses
D:5:      layout_loops_cross, basic_altar, hangedman_decor_diamond_cutter
D:6:      layout_basic, cheibrodos_worm_habitat, kiku_gazebo_garden_becter,
          kennysheep_mini, ashenzari_conservatory_becter, temple_doors_e,
          serial_undead, serial_undead_c, serial_undead_d, serial_undead_c,
          serial_undead_e, uniq_pikel, uniq_menkaure
D:7:      cheibrodos_iron_armory, layout_basic, serial_shops, shop_fountains
Temple:   eino_temple_lava

Skill      XL: |  1  2  3  4  5  6  7  8  9 |
---------------+----------------------------+-----
Shields        | 4 5 6 7 8 9 |  9.0
Axes           | 3 4 5 7 9 |  9.5
Fighting       | 4 5 |  5.5
Invocations    | 4 |  4.3
Armour         | |  3.2

Action                   |  1- 3 |  4- 6 |  7- 9 || total
-------------------------+-------+-------+-------++-------
Melee: War axe           |   137 |   132 |   402 ||   671
Throw: Dart              |       |     6 |     6 ||    12
  Use: Potion            |       |     2 |     2 ||     4
       Scroll            |       |       |    17 ||    17
 Stab: Invisible         |       |       |     1 ||     1
  Eat: Chunk             |       |     5 |    16 ||    21
Armor: Scale mail        |    52 |    48 |    73 ||   173
       Chain mail        |       |       |    16 ||    16
       Plate armour      |       |       |     3 ||     3
Dodge: Dodged            |    60 |    50 |   131 ||   241
Block: Shield            |    73 |    83 |   245 ||   401

Table legend:
 A = Non-vault XP
 B = Vault XP
 C = Vault XP percentage of total XP
 D = Non-vault monster count
 E = Vault monster count
 F = Vault count percentage of total count
                 A         B        C        D         E       F
            +---------+---------+-------+---------+---------+-------
      Total |    2495 |    1291 |  34.1 |     139 |      19 |  12.0
            +---------+---------+-------+---------+---------+-------
        D:1 |      22 |       0 |   0.0 |      17 |       0 |   0.0
        D:2 |      46 |     272 |  85.5 |      19 |       3 |  13.6
        D:3 |     131 |      72 |  35.5 |      29 |       2 |   6.5
        D:4 |     407 |       1 |   0.2 |      16 |       1 |   5.9
        D:5 |     450 |       0 |   0.0 |      23 |       0 |   0.0
        D:6 |     634 |     809 |  56.1 |      16 |      12 |  42.9
        D:7 |     805 |     137 |  14.5 |      19 |       1 |   5.0
            +---------+---------+-------+---------+---------+-------
